 Dungeon Crawl Stone Soup version 0.30-a0-377-g5cb311bc9f (webtiles) character file.

Game seed: 12279094538164788244

18 Wiadro440 the Ruffian (level 2, 25/25 HPs)
             Began as a Ghoul Gladiator on Nov 28, 2022.
             Safely got out of the dungeon.
             The game lasted 00:06:09 (708 turns).

Wiadro440 the Ruffian (Ghoul Gladiator)              Turns: 708, Time: 00:06:09

Health: 25/25      AC:  4    Str: 17    XL:     2   Next: 66%
Magic:  1/1        EV: 12    Int:  3    God:
Gold:   3          SH:  0    Dex: 10    Spells: 1/1 levels left

rFire   . . .      SeeInvis .    h - +2 dagger (speed)
rCold   + . .      Faith    .    (no shield)
rNeg    + + +      Spirit   .    a - +0 leather armour
rPois   ∞          Reflect  .    b - +0 helmet
rElec   .          Harm     .    (no cloak)
rCorr   .          Rampage  .    (no gloves)
Will    .....                    (no boots)
Stlth   +.........               (no amulet)
HPRegen 0.24/turn                (no ring)
MPRegen 0.07/turn                (no ring)

@: no status effects
A: claws 1, cold resistance 1, negative energy resistance 3, inhibited
regeneration, torment resistance 2, devour on kill
a: no special abilities


You escaped.
You visited 1 branch of the dungeon, and saw 1 of its levels.

You collected 3 gold pieces.

Inventory:

Hand Weapons
 h - a +2 dagger of speed (weapon)
Missiles
 c - 3 throwing nets (quivered)
 d - a javelin
Armour
 a - a +0 leather armour (worn)
 b - a +0 helmet (worn)
 g - a +0 leather armour
Jewellery
 j - a +4 ring of evasion
Scrolls
 f - a scroll of identify {unknown}
Potions
 e - a potion of might {unknown}
 i - 2 potions of attraction {unknown}
 k - a potion of degeneration {unknown}


   Skills:
 + Level 2.3 Fighting
 + Level 1.8 Throwing
 + Level 0.2 Armour
 + Level 3.1 Dodging
 + Level 3.6 Unarmed Combat


You had one spell level left.
You didn't know any spells.
Your spell library was empty.

Dungeon Overview and Level Annotations

Branches:
Dungeon (1/15)

Altars:


Innate Abilities, Weirdness & Mutations

You are immune to poison.
You have sharp fingernails.
Your flesh is cold resistant. (rC+)
You are immune to negative energy. (rN+++)
You do not regenerate when monsters are visible.
You are immune to unholy pain and torment.
You thrive by killing the living.


Message History

Press: ? - help, v - describe, . - travel, g - get item Item here: a giant cockroach corpse.
The floor.
Unknown command.
Okay, then.
Unknown command.
Unknown command.
You see here a giant cockroach corpse.
Unknown command.
Okay, then.
Okay, then.
What are your orders? t - Shout!
Orders for allies: a - Attack new target. r - Retreat! s - Stop attacking. g - Guard the area. f - Follow me.
Anything else - Cancel.
Okay, then.
Unknown command.
j - a +4 ring of evasion No target in view!
Unknown command.
There is an open door here.
You open the door.
There is an open door here.
You open the door. You open the door.
There is an open door here.
k - a purple potion
There is an open door here.
There is a staircase leading out of the dungeon here.
You can't go down here!
Are you sure you want to leave the Dungeon?
This will make you lose the game!
Alright, then stay!
Are you sure you want to leave the Dungeon?
This will make you lose the game! [Y]es or [N]o only, please.
Are you sure you want to leave the Dungeon?
This will make you lose the game! [Y]es or [N]o only, please.
Are you sure you want to leave the Dungeon?
This will make you lose the game!
You have escaped!

#.....######.....#
#.....#....#.######
#....##.##.#......#
#...'#..##.######.#
#...#..###........#
###..###########.####
.....######...##'##
####.##.....#.'...+
#.'..#.#####.@.#
#.####.#...'...+
#.####.#.####'##
#.##...# ####.#####
#..#.### #........#
#..'## #.######.#
#...## # #....#
#....###


There were no monsters in sight!

Vanquished Creatures
  2 ball pythons (D:1)
  A bat (D:1)
  An endoplasm (D:1)
  2 giant cockroaches (D:1)
  2 goblins (D:1)
  3 hobgoblins (D:1)
  A frilled lizard (D:1)
  2 kobolds (D:1)
  A rat (D:1)
15 creatures vanquished.

Notes
Turn   | Place    | Note
-------+----------+-------------------------------------------
     0 | D:1      | Wiadro440 the Ghoul Gladiator began the quest for the Orb.
     0 | D:1      | Reached XP level 1. HP: 17/17 MP: 0/0
   311 | D:1      | Reached XP level 2. HP: 24/24 MP: 1/1
   708 | D:$      | Safely got out of the dungeon.

Illustrated notes

Levels and vault maps discovered:
D:1:      nicolae_arrival_somewhat_less_tricky_arrival, layout_loops_corners,
          chequers_arboretum

Skill      XL: |  1  2 |
---------------+-------+-----
Dodging        | 3 |  3.1
Fighting       | |  2.3
Throwing       | |  1.8
Armour         | |  0.2
Unarmed Combat | |  3.6

Action                   || total
-------------------------++-------
Melee: Unarmed           ||    47
       Punch             ||     1
       Dagger            ||    24
Armor: Leather armour    ||    23
Dodge: Dodged            ||    61

Table legend: (Time is in decaauts)
 A = Elapsed time spent in this place.
 B = Non-inter-level travel time spent in this place.
 C = Inter-level travel time spent in this place.
 D = Time resting spent in this place.
 E = Time spent auto-exploring this place.
 F = Levels seen in this place.
 G = Mean time per level.
                   A        B        C        D        E       F      G
               +--------+--------+--------+--------+--------+-----+--------+
         Total |    696 |    658 |     38 |    114 |    259 |   1 |  696.0 |
       Dungeon |    696 |    658 |     38 |    114 |    259 |   1 |  696.0 |
               +--------+--------+--------+--------+--------+-----+--------+

Top non-repeatable levels by time:
     D:1: 696 daAuts
